 Dungeon Crawl Stone Soup version 0.18-b1-10-g3f7de93 (webtiles) character file.

62 graki42 the Magician (level 3, 0/19 HPs)
             Began as a Deep Elf Fire Elementalist on Apr 29, 2016.
             Slain by a goblin (2 damage)
             ... led by Robin
             ... on level 1 of the Dungeon.
             The game lasted 00:04:16 (1447 turns).

graki42 the Magician (Deep Elf Fire Elementalist)   Turns: 1447, Time: 00:04:17

Health: 0/19       AC:  2    Str:  6    XL:     3   Next: 85%
Magic:  4/10       EV: 13    Int: 19    God:
Gold:   66         SH:  0    Dex: 15    Spells: 1 memorised, 8 levels left

rFire  . . .     SeeInvis .     (no weapon)
rCold  . . .     Gourm    .     a - +0 robe
rNeg   . . .     Faith    .     (no shield)
rPois  .         Spirit   .     (no helmet)
rElec  .         Dismiss  .     (no cloak)
rCorr  .         Reflect  .     (no gloves)
SustAt .         Harm     .     (no boots)
MR     +....                    (no amulet)
Stlth  ++........               (no ring)
                                d - ring of protection from magic

@: somewhat resistant to hostile enchantments, unstealthy
A: no striking features
a: no special abilities


You were on level 1 of the Dungeon.
You were not hungry.

You visited 1 branch of the dungeon, and saw 2 of its levels.

You collected 66 gold pieces.

Inventory:

Missiles
 e - 6 javelins (quivered)
Armour
 a - a +0 robe (worn)
Jewellery
 d - a ring of protection from magic (left hand)
Scrolls
 f - a scroll of amnesia {unknown}
 g - a scroll of magic mapping {unknown}
 h - a scroll of blinking {unknown}
 i - a scroll of identify {unknown}
 l - a scroll of enchant armour {unknown}
Potions
 j - a potion of heal wounds {unknown}
 k - a potion of agility {unknown}
Books
 b - a book of Flames

   Spells                             Type                      Level
   a - Flame Tongue                   Conjuration/Fire             1
   b - Throw Flame                    Conjuration/Fire             2
   c - Conjure Flame                  Conjuration/Fire             3
   d - Inner Flame                    Hexes/Fire                   3
   e - Sticky Flame                   Conjuration/Fire             4
   f - Fireball                       Conjuration/Fire             5
Comestibles
 c - a bread ration
 m - a slice of pizza


   Skills:
 + Level 1.0 Throwing
 + Level 3.0 Dodging
 + Level 2.5 Stealth
 + Level 3.8 Spellcasting
 + Level 2.2 Conjurations
 + Level 3.7 Fire Magic


You had 8 spell levels left.
You knew the following spells:

 Your Spells              Type           Power        Failure   Level  Hunger
a - Flame Tongue          Conj/Fire      ###..        6%          1    None


Dungeon Overview and Level Annotations

Branches:
Dungeon (2/15)

Altars:

Annotations:
D:2 Robin


Message History

Aim: a goblin, wielding a dagger (heavily wounded, unusually strong)
The flame tongue hits the goblin.
You kill the goblin!
The goblin hits you. x2
The goblin hits you. The goblin hits you with a club!
* * * LOW HITPOINT WARNING * * *
The goblin barely misses you.
You climb upwards.
There is a stone staircase leading down here.
Unknown command.
The goblin closely misses you.
Casting: Flame Tongue
Confirm with . or Enter, or press ? or * to list all spells.
Aiming: Flame Tongue
Press: ? - help, Shift-Dir - straight line, f - goblin
Aim: a goblin (unusually strong)
The flame tongue hits the goblin.
The goblin is severely wounded.
The goblin hits you.
You die...

#.#.###.#######......### #.#.#
#.......'......'..
#.#.###########......###
#.#.#......####......#
#.#.#.#>...........###
#.#.#.#g##.#######.#####
#.#.#.#g................
#.#.#.#g##.#######.###..
#)#.#.#@##.#######..##..
######.#.#.#.##..............
#......#.#.#.###########..###
#.######.#.#.#######.#.......
#.#....#.#.#.........#.##.###
#.#......#.#########.#.##..##
##.########.#.......#.#.###.##
#...........#.####.##.#.#.....
#############.# #.##.#......#


You could see 3 goblins.

Vanquished Creatures
  A gnoll (D:1)
  An adder (D:1)
  A dart slug (D:1)
  A giant gecko (D:1)
  A ball python (D:1)
  7 hobgoblins
  9 bats (D:1)
  A giant newt (D:1)
  9 goblins
  3 kobolds (D:1)
  4 rats (D:1)
38 creatures vanquished.

Notes
Turn   | Place    | Note
--------------------------------------------------------------
     0 | D:1      | graki42 the Deep Elf Fire Elementalist began the quest for the Orb.
     0 | D:1      | Reached XP level 1. HP: 10/10 MP: 6/6
    72 | D:1      | Reached XP level 2. HP: 1/15 MP: 0/8
   526 | D:1      | Reached XP level 3. HP: 3/19 MP: 0/9
  1253 | D:1      | Reached skill level 1 in Throwing
  1433 | D:2      | Noticed Robin
  1447 | D:1      | Slain by a goblin

Skill      XL: |  1  2  3 |
---------------+----------+-----
Conjurations   | 2 |  2.2
Throwing       | 1 |  1.0
Dodging        | 3 |  3.0
Stealth        | |  2.5
Spellcasting   | |  3.8
Fire Magic     | |  3.7

Action                   || total
-------------------------++-------
Melee: Unarmed           ||     3
Throw: Javelin           ||    19
 Cast: Flame Tongue      ||    60
  Eat: Chunk             ||     1
Armor: Robe              ||     7
Dodge: Dodged            ||    50
